 Dungeon Crawl Stone Soup version bcrawl-1.21.2-28-g2cb1824106 (webtiles) character file.

Game seed: 18174815228925607595

109 Freyura the Magician (level 4, 0/27 HPs)
             Began as a Fairy Wizard on Mar 21, 2020.
             Slain by an orc wizard
             ... wielding a +0 dagger of flaming
              (1 damage)
             ... on level 3 of the Dungeon on Mar 22, 2020.
             The game lasted 00:11:59 (1677 turns).

Freyura the Magician (Fairy Wizard)                 Turns: 1677, Time: 00:12:00

Health: 0/27       AC:  4    Str:  5    XL:     4   Next: 90%
Magic:  13/13      EV: 17    Int: 22    God:
Gold:   131        SH:  4    Dex: 11    Spells: 12/13 levels left

rFire    . . .     SeeInvis .   a - +0 staff
rCold    + . .     Gourm    .   (shield currently unavailable)
rNeg     . . .     Faith    .   (armour unavailable)
rPois    .         Spirit   .   b - +0 hat
rElec    .         Reflect  .   (no cloak)
rCorr    .         Harm     .   (no gloves)
MR       .....                  (no boots)
Stlth    +.........             (no amulet)
HPRegen  0.09/turn              k - ring of protection from cold
MPRegen  0.13/turn              (no ring)

@: flying evasively
A: small, magic attunement, unstealthy, unfitting armour, able to fly, AC/SH +4
a: Stop Flying


You were on level 3 of the Dungeon.
You were not hungry.

You visited 1 branch of the dungeon, and saw 3 of its levels.

You collected 131 gold pieces.

Inventory:

Hand Weapons
 a - a +0 staff (weapon)
Armour
 b - a +0 hat (worn)
Jewellery
 k - a ring of protection from cold (left hand)
Scrolls
 g - 6 scrolls of teleportation
 i - a scroll of magic mapping {unknown}
 j - a scroll of amnesia
 m - a scroll of identify
Potions
 c - a potion of curing {unknown}
 d - a potion of brilliance
 f - a potion of might {unknown}
 h - a potion of mutation {unknown}
 l - a potion of lignification {unknown}
Comestibles
 e - 5 rations {!d}


   Skills:
 + Level 3.8 Dodging
 - Level 2.0 Stealth
 * Level 5.4 Spellcasting
 + Level 2.6 Conjurations
   Level 1.1 Summonings
   Level 1.1 Translocations


You had 12 spell levels left.
You knew the following spells:

 Your Spells              Type           Power        Failure   Level  Hunger
a - Magic Dart            Conj           ###.         3%          1    None

Your spell library contained the following spells:

 Spells                   Type           Power        Failure   Level  Hunger
 Blink                    Tloc           N/A          10%         2    None
 Call Imp                 Summ           ##....       10%         2    None
 Conjure Flame            Conj/Fire      ##......     17%         3    None
 Mephitic Cloud           Conj/Pois/Air  #.......     21%         3    None
 Spider Form              Tmut/Pois      #..          28%         3    None


Dungeon Overview and Level Annotations

Branches:
Dungeon (3/12)

Altars:


Innate Abilities, Weirdness & Mutations

Your spells do not cause hunger and MP costs are reduced by 1.
Your bright wings attract enemies. (Stealth-)
You cannot fit into any form of body armour.
Your shimmering scales are hard and can block incoming attacks. (AC +4, SH +4)
You are small and have problems with some larger weapons.
You can fly continuously.


Message History

Your magical contamination has completely faded away.
You closely miss something. Something hits you.
* * * LOW HITPOINT WARNING * * *
Something burns you.
* * * LOW HITPOINT WARNING * * *
Something hits you.
* * * LOW HITPOINT WARNING * * *
Something burns you.
* * * LOW HITPOINT WARNING * * *
You closely miss something. Something hits you.
* * * LOW HITPOINT WARNING * * *
Something burns you.
* * * LOW HITPOINT WARNING * * *
Something hits you but does no damage.
You closely miss something. Something barely misses you.
Something hits you but does no damage.
You closely miss something. Something hits you.
* * * LOW HITPOINT WARNING * * *
Something burns you.
You die...

#.# ##'####
......#
......###########
................#
.......########.#
##+###.########.#
.#.###†##.......##
................@#
..####......####{#
..####......# #.#
.....####'#..[ ...
.....'..≈.....
.... .....##.
........## .....#
≈.# ##### .....##
........


There were no monsters in sight!

Vanquished Creatures
  A bullfrog skeleton (D:3)
  An adder (D:3)
  An ooze (D:1)
  5 dart slugs
  4 leopard geckos
  An orc (D:3)
  A ball python (D:1)
  4 bats
  2 giant cockroaches
  4 goblins (D:1)
  5 hobgoblins
  8 kobolds
  4 quokkas
  3 frilled lizards
  7 rats
51 creatures vanquished.

Notes
Turn   | Place    | Note
-------+----------+-------------------------------------------
     0 | D:1      | Freyura the Fairy Wizard began the quest for the Orb.
     0 | D:1      | Reached XP level 1. HP: 11/11 MP: 7/7
    79 | D:1      | Reached XP level 2. HP: 17/17 MP: 9/9
   174 | D:1      | Reached XP level 3. HP: 21/21 MP: 11/11
  1150 | D:2      | Reached XP level 4. HP: 27/27 MP: 12/12
  1314 | D:2      | Reached skill level 5 in Spellcasting
  1677 | D:3      | HP: 1/27 [something (2)]
  1677 | D:3      | Slain by an orc wizard

Skill      XL: |  1  2  3  4 |
---------------+-------------+-----
Dodging        | 3 |  3.8
Conjurations   | 2 |  2.6
Stealth        | 2 |  2.0
Spellcasting   | 5 |  5.4
Summonings     | |  1.1
Translocations | |  1.1

Action                   |  1- 3 |  4- 6 || total
-------------------------+-------+-------++-------
Melee: Staff             |     8 |     9 ||    17
 Cast: Magic Dart        |    88 |    46 ||   134
  Use: Scroll            |       |     4 ||     4
  Eat: Chunk             |       |     2 ||     2
Armor: Skin              |     2 |     2 ||     4
Dodge: Dodged            |    17 |    10 ||    27
Block: Other             |     6 |     3 ||     9
